 Dungeon Crawl Stone Soup version 0.26-a0-996-g6b303dbc09 (webtiles) character file.

Game seed: 2324957809645418659

57 Morbidden the Vexing (level 3, -4/27 HPs)
             Began as a Demonspawn Arcane Marksman on Dec 6, 2020.
             Slain by a gnoll
             ... wielding a +0 club
              (9 damage)
             ... on level 1 of the Dungeon.
             The game lasted 00:03:40 (1553 turns).

Morbidden the Vexing (Demonspawn Arcane Marksman)   Turns: 1553, Time: 00:03:40

Health: -4/27      AC:  3    Str: 10    XL:     3   Next: 73%
Magic:  5/5        EV: 12    Int: 15    God:
Gold:   128        SH:  0    Dex: 13    Spells: 1/4 levels left

rFire    . . .     SeeInvis .   (no weapon)
rCold    . . .     Faith    .   (no shield)
rNeg     . . .     Spirit   .   e - +0 robe
rPois    .         Reflect  .   (no helmet)
rElec    .         Harm     .   (no cloak)
rCorr    .         Rampage  .   (no gloves)
MR       .....                  (no boots)
Stlth    +.........             (no amulet)
HPRegen  0.09/turn              (no ring)
MPRegen  0.09/turn              (no ring)

@: no status effects
A: rugged brown scales 1
a: no special abilities


You were on level 1 of the Dungeon.
You visited 1 branch of the dungeon, and saw 2 of its levels.

You collected 128 gold pieces.

Inventory:

Hand Weapons
 a - a +0 shortbow
Armour
 e - a +0 robe (worn)
Scrolls
 b - 2 scrolls of identify {unknown}
 d - a scroll of remove curse {unknown}
 f - 2 scrolls of immolation {unknown}
 g - 3 scrolls of amnesia {unknown}
Potions
 c - 4 potions of heal wounds


   Skills:
 * Level 1.6 Fighting
 + Level 2.7 Bows
 + Level 2.0 Dodging
 + Level 0.1 Unarmed Combat
 * Level 1.4 Spellcasting
 + Level 3.3 Hexes


You had one spell level left.
You knew the following spells:

 Your Spells              Type           Power        Failure   Level
a - Corona                Hex            ##.....      6%          1
b - Slow                  Hex            ##......     9%          2

Your spell library contained the following spells:

 Spells                   Type           Power        Failure   Level
 Inner Flame              Hex/Fire       #.......     34%         3
 Portal Projectile        Hex/Tloc       #.....       34%         3
 Cause Fear               Hex            ##........   52%         4
 Leda's Liquefaction      Hex/Erth       #.........   75%         4


Dungeon Overview and Level Annotations

Branches:
Dungeon (2/15)

Altars:


Innate Abilities, Weirdness & Mutations

You are partially covered in rugged brown scales. (AC +1, +3% HP)


Message History

* * * LOW HITPOINT WARNING * * *
Unknown command.
Unknown command.
Unknown command.
Unknown command.
Unknown command.
Unknown command.
You are now empty-handed.
The gnoll barely misses you.
You hit the gnoll but do no damage.
The gnoll is heavily wounded.
You hit the gnoll but do no damage.
The gnoll is heavily wounded.
The gnoll stops glowing.
The gnoll closely misses you.
You hit the gnoll but do no damage.
The gnoll is heavily wounded.
The gnoll misses you.
You hit the gnoll but do no damage.
The gnoll is heavily wounded.
The gnoll hits you with a +0 club!
You die...

#.#........# #......##..........
#.#........###......##..........
#.#..............[.[...#..#.....
#.#.........##...###############
#.#.......#.##...# #####..#
#.#.......#.....(### ####..####.
#.#.......####..##.###...###...#
#.#.......####.......).##.#.####
#.........##(.g@≈.≈....##.≈#.#..
###.......##.###≈.≈.#..#.#.#.#§§
#.......##.#..≈.≈.#..#..#.##§.
#.......##.#.#≈≈≈##..##.##.#§.
#......(##.#.##......###.#.### #
#.......##.#..#.####.#.#.#..## #
##########.##.######.#.#.##.##
### ### #.##........##.#..##.
≈≈###≈# #.####.####.######..#


You could see a gnoll.

Vanquished Creatures
  3 adders (D:2)
  5 bats
  2 giant cockroaches
  6 hobgoblins
  2 jackals (D:1)
  A kobold (D:1)
  A frilled lizard (D:2)
  5 goblins
  4 rats (D:1)
29 creatures vanquished.

Notes
Turn   | Place    | Note
-------+----------+-------------------------------------------
     0 | D:1      | Morbidden the Demonspawn Arcane Marksman began the quest
                  | for the Orb.
     0 | D:1      | Reached XP level 1. HP: 15/15 MP: 2/2
   237 | D:1      | Gained mutation: You are partially covered in rugged brown
                  | scales. (AC +1, +3% HP) [demonic ancestry]
   237 | D:1      | Reached XP level 2. HP: 11/21 MP: 3/3
  1148 | D:2      | Reached XP level 3. HP: 22/26 MP: 2/4
  1427 | D:2      | Learned a level 2 spell: Slow
  1553 | D:1      | Slain by a gnoll

Illustrated notes

Levels and vault maps discovered:
D:1:      dpeg_arrival_brainrot, layout_basic, serial_rivers,
          chequers_serial_rivers_micro_a, chequers_serial_rivers_micro_b,
          chequers_serial_rivers_micro_e, chequers_serial_rivers_micro_d,
          chequers_serial_rivers_large_b
D:2:      layout_basic, lemuel_crystal_altar, general_overflow_altar,
          marbit_many_paths, makhleb_blood_cavern_becter

Skill      XL: |  1  2  3 |
---------------+----------+-----
Bows           | 2 |  2.7
Dodging        | 2 |  2.0
Fighting       | |  1.6
Unarmed Combat | |  0.1
Spellcasting   | |  1.4
Hexes          | |  3.3

Action                   || total
-------------------------++-------
Melee: Unarmed           ||    21
 Fire: Shortbow          ||   105
 Cast: Corona            ||    15
       Slow              ||     1
  Use: Potion            ||     1
Armor: Robe              ||    12
Dodge: Dodged            ||    64

Table legend: (Time is in decaauts)
 A = Elapsed time spent in this place.
 B = Non-inter-level travel time spent in this place.
 C = Inter-level travel time spent in this place.
 D = Time resting spent in this place.
 E = Time spent auto-exploring this place.
 F = Levels seen in this place.
 G = Mean time per level.
                   A        B        C        D        E       F      G
               +--------+--------+--------+--------+--------+-----+--------+
         Total |   1592 |   1523 |     69 |    163 |    984 |   2 |  796.0 |
       Dungeon |   1592 |   1523 |     69 |    163 |    984 |   2 |  796.0 |
               +--------+--------+--------+--------+--------+-----+--------+

Top non-repeatable levels by time:
     D:1: 1145 daAuts
     D:2: 447 daAuts
